[Event "2nd Hersonissos Open 2018"]
[Site "Hersonissos"]
[Date "2018.06.20"]
[Round "5"]
[White "Kadianis, Georgios"]
[Black "Angermuende, Dirk"]
[Result "1-0"]
[ECO "C10"]
[WhiteElo "1917"]
[BlackElo "1966"]
[Annotator "NA"]
[PlyCount "193"]
[EventDate "2018.06.16"]
[EventType "swiss"]
[EventCountry "GRE"]
[SourceTitle "playchess.com"]
[Source "ChessBase"]
[SourceQuality "1"]
[TimeControl "5400+30"]

1. e4 e6 2. d4 d5 3. Nc3 dxe4 4. Nxe4 Bd7 5. Bd3 Bc6 6. Nf3 Nd7 7. Qe2 Ngf6 8. Bd2 Be7 {[%emt 0:01:08] C10: French with 3 Nc3: Unusual Black 3rd moves and 3...dxe4} 9. O-O-O Bxe4 10. Bxe4 Nxe4 11. Qxe4 c6 12. Kb1 O-O 13. Qe2 $146 ({Predecessor:} 13. c4 Re8 14. Qe2 a5 15. g4 Bb4 16. Be3 a4 17. d5 exd5 18. cxd5 Qf6 19. dxc6 {½-½ (19) Palac,M (2599)-Kunin,V (2494) Schwarzach 2012}) 13... Qb6 14. g4 Rfd8 15. g5 c5 16. d5 Nf8 17. c4 exd5 18. cxd5 Bd6 19. Rhe1 Qc7 20. h4 Qd7 21. Qd3 Re8 22. h5 c4 23. Qc3 Qf5+ 24. Ka1 Nd7 25. g6 fxg6 26. hxg6 h6 27. Rh1 Ne5 28. Nh4 Qd7 29. f4 Nd3 30. Qxc4 Nf2 31. Nf3 Nxd1 32. Rxd1 Qf5 33. Ne5 Rac8 34. Qb3 Qc2 35. Qxc2 Rxc2 36. Kb1 Rc7 37. Nf7 Rxf7 38. gxf7+ Kxf7 39. Kc2 h5 40. Rh1 g6 41. Kd3 Kf6 42. Rg1 Re7 43. Bc3+ Kf7 44. f5 gxf5 45. Rg5 h4 46. Rxf5+ Ke8 47. Rh5 Bg3 48. Bf6 Rf7 49. Bxh4 Bxh4 50. Rxh4 Kd7 51. b4 a6 52. a4 Rg7 53. Kd4 Rg6 54. a5 Kd6 55. Re4 Rh6 56. Rg4 Rf6 57. Kc4 Rh6 58. Rg7 Rh4+ 59. Kb3 Kxd5 60. Rxb7 Rh3+ 61. Ka4 Rh1 62. Rb6 Ra1+ 63. Kb3 Rb1+ 64. Kc2 Rh1 65. Kb3 Rb1+ 66. Ka2 Rh1 67. Rxa6 Kc4 68. Rb6 Rh2+ 69. Ka3 Rh1 70. Rc6+ Kb5 71. Rc5+ Ka6 72. Kb3 Rb1+ 73. Kc3 Rc1+ 74. Kd4 Rd1+ 75. Kc4 Rd6 76. Rc8 Kb7 77. Kc5 Rh6 78. Rd8 Rc6+ 79. Kb5 Rc7 80. Rd5 Rh7 81. a6+ Ka7 82. Ka5 Rh1 83. Rd7+ Kb8 84. b5 Rh5 85. Rg7 Rh8 86. Rb7+ Ka8 87. Rc7 Rg8 88. b6 Rg5+ 89. Kb4 Rg8 90. Kb5 Rg5+ 91. Rc5 Rg8 92. b7+ Ka7 93. Rc8 Rg5+ 94. Kc4 Rg4+ 95. Kd3 Rg3+ 96. Ke2 Rg2+ 97. Kf1 1-0

[Event "2nd Hersonissos Open 2018"]
[Site "Hersonissos"]
[Date "2018.06.20"]
[Round "5"]
[White "Pliev, Vladimir"]
[Black "Aggeletos, Marios"]
[Result "1-0"]
[ECO "A46"]
[WhiteElo "1909"]
[BlackElo "1769"]
[Annotator "NA"]
[PlyCount "75"]
[EventDate "2018.06.16"]
[EventType "swiss"]
[EventCountry "GRE"]
[SourceTitle "playchess.com"]
[Source "ChessBase"]
[SourceQuality "1"]
[TimeControl "5400+30"]

1. d4 Nf6 2. Nf3 e6 3. e3 d5 4. b3 Bd6 5. Bb2 O-O 6. Bd3 Ne4 7. Nbd2 f5 8. O-O Nd7 9. c4 c6 10. Ne5 Bxe5 11. dxe5 b6 12. Rc1 Bb7 13. f4 Nxd2 14. Qxd2 Nc5 15. Rfd1 Nxd3 16. Qxd3 c5 17. Qc2 g5 18. cxd5 Bxd5 19. Rd2 gxf4 20. exf4 Qe7 21. Qd1 Rad8 22. Qe1 Rf7 23. Rcd1 Rg7 24. Qe3 Qh4 25. Rf1 Qg4 26. Rff2 Kh8 27. Bc3 a5 28. a3 Rc8 29. Bb2 Rd7 30. Qe2 Qxe2 31. Rfxe2 Rcd8 32. Re3 Be4 33. Rd6 Kg8 34. Rxe6 Rd2 35. Rg3+ Kh8 36. Bc3 Rc2 37. Rd6 Rg8 38. e6+ 1-0

[Event "2nd Hersonissos Open 2018"]
[Site "Hersonissos"]
[Date "2018.06.20"]
[Round "5"]
[White "Brokalakis - Gounaris, Christos"]
[Black "Magoulianos, Nikolaos"]
[Result "1-0"]
[ECO "D35"]
[WhiteElo "1851"]
[BlackElo "1434"]
[Annotator "NA"]
[PlyCount "49"]
[EventDate "2018.06.16"]
[EventType "swiss"]
[EventCountry "GRE"]
[SourceTitle "playchess.com"]
[Source "ChessBase"]
[SourceQuality "1"]
[TimeControl "5400+30"]

1. d4 d5 2. c4 e6 3. Nc3 Nf6 4. cxd5 exd5 5. Bg5 Be7 6. e3 c6 7. Qc2 Nbd7 8. Bd3 O-O 9. Nf3 Re8 10. O-O Nf8 11. Rab1 a5 12. a3 Ne4 13. Bf4 Bf5 14. Bxe4 dxe4 15. Nd2 Bg5 16. Bxg5 Qxg5 17. Ndxe4 Qg6 18. f3 Nd7 19. Rbe1 Bxe4 20. Nxe4 Nf6 21. Nxf6+ Qxf6 22. Qc3 Re6 23. Rf2 Rae8 24. Qxa5 Rxe3 25. Rxe3 1-0

[Event "2nd Hersonissos Open 2018"]
[Site "Hersonissos"]
[Date "2018.06.20"]
[Round "5"]
[White "Parker, Keith"]
[Black "Lirindzakis, Timotheos"]
[Result "0-1"]
[ECO "A45"]
[WhiteElo "1846"]
[BlackElo "2163"]
[Annotator "NA"]
[PlyCount "86"]
[EventDate "2018.06.16"]
[EventType "swiss"]
[EventCountry "GRE"]
[SourceTitle "playchess.com"]
[Source "ChessBase"]
[SourceQuality "1"]
[TimeControl "5400+30"]

1. d4 Nf6 2. Bf4 d5 3. e3 e6 4. Nf3 Bd6 5. Bg3 O-O 6. Nbd2 b6 7. Bd3 Bb7 8. Ne5 c5 9. c3 Nc6 10. Ndf3 Ne7 11. Bh4 Ne4 12. Nd2 f6 13. Qg4 Nf5 14. Bxe4 dxe4 15. Nec4 Be7 16. Bg3 b5 17. Na3 cxd4 18. cxd4 Qd5 19. O-O Rac8 20. Qd1 b4 21. Nac4 Rxc4 22. Nxc4 Qxc4 23. Qd2 Qd5 24. Rfc1 Nxg3 25. hxg3 Bd6 26. Qc2 Qb5 27. b3 Bd5 28. Qb2 a5 29. Rc2 a4 30. Rac1 axb3 31. axb3 Qb7 32. Ra1 Ra8 33. Rxa8+ Qxa8 34. Qc1 Qa3 35. Rc8+ Kf7 36. Qd1 g6 37. Rh8 Kg7 38. Rd8 Qa6 39. Rd7+ Kg8 40. Qg4 Qc6 41. Rd8+ Kg7 42. Qd1 Qc7 43. Re8 Qd7 0-1

[Event "2nd Hersonissos Open 2018"]
[Site "Hersonissos"]
[Date "2018.06.20"]
[Round "5"]
[White "Iminov, Bachtiar"]
[Black "Dagkonaki, Aspasia"]
[Result "1-0"]
[ECO "A06"]
[WhiteElo "1842"]
[BlackElo "1538"]
[Annotator "NA"]
[PlyCount "91"]
[EventDate "2018.06.16"]
[EventType "swiss"]
[EventCountry "GRE"]
[SourceTitle "playchess.com"]
[Source "ChessBase"]
[SourceQuality "1"]
[TimeControl "5400+30"]

1. Nf3 d5 2. c4 e6 3. b3 Nf6 4. g3 Be7 5. Bg2 O-O 6. Bb2 c5 7. O-O Nc6 8. e3 Qc7 9. Qe2 b6 10. Rd1 Bb7 11. Nc3 Rfd8 12. Rac1 Rac8 13. d4 dxc4 14. bxc4 cxd4 15. exd4 Na5 16. Nb5 Qb8 17. d5 Kf8 18. Be5 Qa8 19. Nc7 Rxc7 20. Bxc7 Rc8 21. d6 Bd8 22. Bxd8 Rxd8 23. Ne1 Bxg2 24. Nxg2 Qc6 25. Ne3 Rxd6 26. Rxd6 Qxd6 27. Rd1 Qc7 28. Qd3 Nc6 29. Qd6+ Qxd6 30. Rxd6 Nb4 31. a3 Na6 32. Rd8+ Ke7 33. Ra8 Nc5 34. Rxa7+ Ke8 35. a4 h6 36. a5 bxa5 37. Rxa5 Nd3 38. Ra8+ Ke7 39. Ra7+ Ke8 40. Kf1 Ne4 41. f3 Nec5 42. Ke2 Ne5 43. f4 Ned7 44. f5 exf5 45. Nxf5 Kf8 46. Ra8+ 1-0

[Event "2nd Hersonissos Open 2018"]
[Site "Hersonissos"]
[Date "2018.06.20"]
[Round "5"]
[White "Fragiadakis, Emanouel"]
[Black "Saklampanakis, Dimitrios"]
[Result "1-0"]
[ECO "E08"]
[WhiteElo "1813"]
[BlackElo "1319"]
[Annotator "NA"]
[PlyCount "66"]
[EventDate "2018.06.16"]
[EventType "swiss"]
[EventCountry "GRE"]
[SourceTitle "playchess.com"]
[Source "ChessBase"]
[SourceQuality "1"]
[TimeControl "5400+30"]

1. d4 d5 2. c4 e6 3. Nf3 Nf6 4. g3 Be7 5. Bg2 Nbd7 6. O-O O-O 7. Qc2 b6 8. Rd1 Bb7 9. b3 Rc8 10. Nc3 c5 11. Ne5 Qc7 12. Nb5 Qb8 13. Bf4 Nxe5 14. Bxe5 Qa8 15. Nc7 Rxc7 16. Bxc7 dxc4 17. Bxb7 Qxb7 18. Bf4 cxd4 19. Qxc4 Bc5 20. b4 Be7 21. Qxd4 Nd5 22. e4 Nxb4 23. Qd7 Qxd7 24. Rxd7 Bc5 25. Bd6 Rc8 26. Bxc5 bxc5 27. a3 Nc2 28. Rc1 Nd4 29. Rxd4 e5 30. Rxc5 Re8 31. Rdd5 f6 32. Rc7 Ra8 33. Rdd7 g5 1-0

[Event "2nd Hersonissos Open 2018"]
[Site "Hersonissos"]
[Date "2018.06.20"]
[Round "5"]
[White "Kouvidis, Ioannis"]
[Black "Stefanov, Evtim"]
[Result "1-0"]
[ECO "C41"]
[WhiteElo "1730"]
[BlackElo "1959"]
[Annotator "NA"]
[PlyCount "61"]
[EventDate "2018.06.16"]
[EventType "swiss"]
[EventCountry "GRE"]
[SourceTitle "playchess.com"]
[Source "ChessBase"]
[SourceQuality "1"]
[TimeControl "5400+30"]

1. e4 e5 2. Nf3 d6 3. d4 exd4 4. Qxd4 Nf6 5. Nc3 Be7 6. Bg5 h6 7. Bh4 O-O 8. h3 Nc6 9. Qe3 Be6 10. O-O-O Nd7 11. Bxe7 Qxe7 12. g4 a6 13. g5 h5 14. Nh4 g6 15. f4 b5 16. Qd2 b4 17. Nd5 Qd8 18. f5 Bxd5 19. exd5 Nce5 20. Rg1 a5 21. Be2 Nc5 22. Bxh5 gxh5 23. Qe2 Ng4 24. hxg4 Qxg5+ 25. Kb1 Qxh4 26. Rh1 Qf6 27. g5 Qh8 28. Rxh5 Qe5 29. Qxe5 dxe5 30. Rdh1 f6 31. g6 1-0

[Event "2nd Hersonissos Open 2018"]
[Site "Hersonissos"]
[Date "2018.06.20"]
[Round "5"]
[White "Aggelakis, Ilias"]
[Black "Warnk, Torsten"]
[Result "1/2-1/2"]
[ECO "A39"]
[WhiteElo "1683"]
[BlackElo "1853"]
[Annotator "NA"]
[PlyCount "123"]
[EventDate "2018.06.16"]
[EventType "swiss"]
[EventCountry "GRE"]
[SourceTitle "playchess.com"]
[Source "ChessBase"]
[SourceQuality "1"]
[TimeControl "5400+30"]

1. c4 Nf6 2. Nf3 g6 3. g3 Bg7 4. Bg2 O-O 5. O-O c5 6. Nc3 Nc6 7. d4 cxd4 8. Nxd4 a6 9. a3 e6 10. Rb1 Qc7 11. Nxc6 dxc6 12. Qc2 Rb8 13. b4 b5 14. Ne4 Nxe4 15. Bxe4 Bb7 16. Be3 Rfc8 17. Rfd1 Rd8 18. c5 Rxd1+ 19. Rxd1 Rd8 20. Rd3 Kf8 21. Qd2 Rxd3 22. Qxd3 Ke8 23. Bd4 e5 24. Bb2 Bc8 25. Qf3 Bd7 26. Bc2 Be6 27. e4 Qd7 28. Qd3 Bc4 29. Qxd7+ Kxd7 30. f4 f6 31. fxe5 fxe5 32. Bc1 Be6 33. Kf2 Bc4 34. Be3 Ke6 35. Bd1 Kd7 36. Bg4+ Be6 37. Be2 Bf6 38. Kg2 Kc7 39. h3 Kb7 40. Kh2 Be7 41. Kg2 Bb3 42. Kh2 Bc2 43. Bf3 a5 44. h4 Bd3 45. Kg2 Bf8 46. g4 Be7 47. Kg3 axb4 48. axb4 Bd8 49. Bg2 Be2 50. g5 Bc4 51. Bh3 Kc7 52. h5 Bf7 53. h6 Kb7 54. Bg4 Bc7 55. Bf3 Kc8 56. Bg4+ Kd8 57. Bd2 Ke7 58. Be3 Be6 59. Bxe6 Kxe6 60. Kg4 Bd8 61. Bd2 Be7 62. Be3 1/2-1/2

[Event "2nd Hersonissos Open 2018"]
[Site "Hersonissos"]
[Date "2018.06.20"]
[Round "5"]
[White "Mateev, Kaloyan Mateev"]
[Black "Storkebaum, Ulrike"]
[Result "1/2-1/2"]
[ECO "A01"]
[WhiteElo "1539"]
[BlackElo "1825"]
[Annotator "NA"]
[PlyCount "150"]
[EventDate "2018.06.16"]
[EventType "swiss"]
[EventCountry "GRE"]
[SourceTitle "playchess.com"]
[Source "ChessBase"]
[SourceQuality "1"]
[TimeControl "5400+30"]

1. b3 e5 2. e3 Nf6 3. Bb2 Nc6 4. Bb5 d6 5. d4 exd4 6. exd4 Bd7 7. Nf3 Qe7+ 8. Be2 d5 9. O-O Ne4 10. c4 Be6 11. Nbd2 Nxd2 12. Qxd2 Qd7 13. Rfe1 Bb4 14. Bc3 Bxc3 15. Qxc3 O-O 16. Rad1 h6 17. Ne5 Nxe5 18. dxe5 c6 19. Bf3 Rfd8 20. cxd5 cxd5 21. Qd4 a5 22. Rd2 a4 23. b4 Qb5 24. Red1 Rac8 25. Be2 Qc6 26. b5 Qc3 27. f4 Qxd4+ 28. Rxd4 Rc2 29. R1d2 Rxd2 30. Rxd2 d4 31. Bd1 a3 32. Bf3 b6 33. Kf2 Kf8 34. Be2 g6 35. Rd3 Ra8 36. Bf3 Ra4 37. Bd1 Ra5 38. Bb3 Rxb5 39. Bxe6 Rb2+ 40. Kf3 fxe6 41. Rxa3 h5 42. h3 Ke8 43. g3 b5 44. Ke4 Rd2 45. Rd3 Rxa2 46. Kxd4 Rb2 47. Ra3 Rb1 48. Kc5 b4 49. Ra8+ Kd7 50. Ra7+ Kc8 51. Rg7 b3 52. Kc4 b2 53. Kc3 Rg1 54. Kxb2 Rxg3 55. Re7 Rxh3 56. Rxe6 Rg3 57. Re7 h4 58. Rh7 h3 59. e6 Kd8 60. Kc2 Rg2+ 61. Kd3 h2 62. Ke3 Rg1 63. Rxh2 Ke7 64. Kf2 Rg4 65. Kf3 Rg1 66. Re2 Rh1 67. Kg3 Rh7 68. Kg4 Rh5 69. Re3 Rf5 70. Re1 Rh5 71. Re3 Rf5 72. Ra3 Rb5 73. Ra6 Rd5 74. Kf3 Rb5 75. Kg4 Rc5 1/2-1/2

[Event "2nd Hersonissos Open 2018"]
[Site "Hersonissos"]
[Date "2018.06.21"]
[Round "6"]
[White "L'Ami, Alina"]
[Black "Kadianis, Georgios"]
[Result "0-1"]
[ECO "D52"]
[WhiteElo "2307"]
[BlackElo "1917"]
[Annotator "NA"]
[PlyCount "118"]
[EventDate "2018.06.16"]
[EventType "swiss"]
[EventCountry "GRE"]
[SourceTitle "playchess.com"]
[Source "ChessBase"]
[SourceQuality "1"]
[TimeControl "5400+30"]

1. d4 d5 2. c4 c6 3. Nf3 Nf6 4. Nc3 e6 5. Bg5 Nbd7 6. e3 Qa5 7. Nd2 Bb4 8. Rc1 Ne4 9. Ncxe4 dxe4 10. Bh4 Qxa2 11. Be2 Qa5 12. O-O Bxd2 13. Ra1 Qc7 14. Qxd2 O-O 15. Bg3 Qd8 16. Rfd1 Nf6 17. Qc2 b6 18. c5 b5 19. Bd6 Re8 20. Kh1 a5 21. f3 exf3 22. gxf3 Nd5 23. Qd2 b4 24. e4 Ne7 25. Bc4 Ba6 26. Ba2 Nc8 27. Be5 Ne7 28. Rg1 Ng6 29. Bd6 Qh4 30. Rg4 Qh3 31. Rg3 Qh4 32. Rag1 Kh8 33. Rg5 Qh6 34. Qf2 f6 35. R5g4 a4 36. Bb1 a3 37. bxa3 bxa3 38. Ba2 Ra7 39. Rb1 f5 40. Rg3 Bd3 41. Rb6 fxe4 42. f4 Nh4 43. Rh3 e3 44. Rxe3 Bf5 45. h3 Qh5 46. Kh2 Ra4 47. Rg3 Ng6 48. Qe3 Raa8 49. Rxc6 Qd1 50. Rb6 Nh4 51. Bb3 a2 52. Bxd1 a1=Q 53. Be5 Ra2+ 54. Be2 Bg6 55. d5 Qd1 56. Bb2 Qxd5 57. Qc3 Ra7 58. c6 Rc7 59. Re3 Qg2# 0-1

[Event "2nd Hersonissos Open 2018"]
[Site "Hersonissos"]
[Date "2018.06.21"]
[Round "6"]
[White "Ranaldi, Lucas"]
[Black "Loshkarev, Dmitri"]
[Result "1-0"]
[ECO "A10"]
[WhiteElo "2283"]
[BlackElo "2089"]
[Annotator "NA"]
[PlyCount "107"]
[EventDate "2018.06.16"]
[EventType "swiss"]
[EventCountry "GRE"]
[SourceTitle "playchess.com"]
[Source "ChessBase"]
[SourceQuality "1"]
[TimeControl "5400+30"]

1. c4 f5 2. g3 Nf6 3. Nf3 e6 4. Bg2 d5 5. O-O c6 6. d3 Bd6 7. Nc3 dxc4 8. dxc4 O-O 9. Qc2 e5 10. e4 Nxe4 11. Nxe4 fxe4 12. Ng5 Bf5 13. c5 Be7 14. Rd1 Qe8 15. Bxe4 Bxe4 16. Nxe4 Na6 17. Be3 Nb4 18. Qb3+ Nd5 19. Nc3 Qf7 20. Nxd5 cxd5 21. Qxd5 Bf6 22. b3 Rfd8 23. Qxf7+ Kxf7 24. Kf1 e4 25. Rac1 Rxd1+ 26. Rxd1 Rd8 27. Rxd8 Bxd8 28. c6 bxc6 29. Bxa7 Ke6 30. Ke2 Kd5 31. Be3 Be7 32. a4 c5 33. Kd2 Bd8 34. Kc2 Ba5 35. Bd2 Bc7 36. b4 cxb4 37. Kb3 Bb6 38. Be3 Ba5 39. h3 h5 40. Ba7 g6 41. Be3 Kd6 42. Kc4 Kc6 43. h4 b3 44. Kxb3 Kd5 45. Ba7 Bd8 46. Kb4 g5 47. hxg5 Bxg5 48. Be3 Bd8 49. Kb5 Kd6 50. Bf4+ Kd7 51. a5 h4 52. a6 h3 53. g4 Bg5 54. a7 1-0

[Event "2nd Hersonissos Open 2018"]
[Site "Hersonissos"]
[Date "2018.06.21"]
[Round "6"]
[White "Lirindzakis, Timotheos"]
[Black "Sielicki, Tomasz"]
[Result "1-0"]
[ECO "A56"]
[WhiteElo "2163"]
[BlackElo "1963"]
[Annotator "NA"]
[PlyCount "121"]
[EventDate "2018.06.16"]
[EventType "swiss"]
[EventCountry "GRE"]
[SourceTitle "playchess.com"]
[Source "ChessBase"]
[SourceQuality "1"]
[TimeControl "5400+30"]

1. d4 Nf6 2. c4 c5 3. d5 e5 4. Nc3 d6 5. e4 Nbd7 6. Bd3 Be7 7. Nge2 h5 8. Ng3 a6 9. Nf5 Bf8 10. Bd2 g6 11. Ne3 Bh6 12. h3 h4 13. Be2 Rb8 14. a3 Kf8 15. Rb1 Kg7 16. Qc2 b6 17. b4 Bf4 18. Rb2 Nh5 19. Bg4 Qg5 20. Ne2 Ng3 21. Nxf4 exf4 22. fxg3 fxe3 23. Qc3+ Qe5 24. Qxe3 Qxg3+ 25. Qxg3 hxg3 26. Bxd7 Bxd7 27. Bc3+ f6 28. O-O Rhf8 29. bxc5 bxc5 30. Rxf6 Rxb2 31. Rf2+ Kg8 32. Rxb2 Re8 33. Rb7 Ba4 34. e5 dxe5 35. Be1 e4 36. Bxg3 e3 37. Kf1 Re4 38. d6 Kf8 39. Ke2 Rxc4 40. Kxe3 Rc3+ 41. Kf4 g5+ 42. Kg4 Bd1+ 43. Kf5 Rxg3 44. Rb8+ Kf7 45. d7 Bc2+ 46. Ke5 Re3+ 47. Kd6 Be4 48. d8=Q Rd3+ 49. Kxc5 Rxd8 50. Rxd8 Bxg2 51. Rd3 Kg6 52. Rg3 Bf1 53. h4 g4 54. Rxg4+ Kh5 55. Rd4 Be2 56. a4 Bf1 57. a5 Be2 58. Kb6 Bf1 59. Kb7 Be2 60. Rd6 Kxh4 61. Rxa6 1-0

[Event "2nd Hersonissos Open 2018"]
[Site "Hersonissos"]
[Date "2018.06.21"]
[Round "6"]
[White "Lobersli, Henrik Oie"]
[Black "Pliev, Vladimir"]
[Result "1-0"]
[ECO "D80"]
[WhiteElo "2134"]
[BlackElo "1909"]
[Annotator "NA"]
[PlyCount "51"]
[EventDate "2018.06.16"]
[EventType "swiss"]
[EventCountry "GRE"]
[SourceTitle "playchess.com"]
[Source "ChessBase"]
[SourceQuality "1"]
[TimeControl "5400+30"]

1. d4 Nf6 2. c4 g6 3. Nc3 d5 4. Bg5 Ne4 5. Bh4 Nxc3 6. bxc3 Bg7 7. e3 c5 8. cxd5 Qxd5 9. Nf3 Nc6 10. Be2 cxd4 11. cxd4 Qa5+ 12. Qd2 Qxd2+ 13. Nxd2 Bf5 14. Rc1 Rd8 15. Nb3 Be4 16. f3 Bd5 17. Nc5 Bh6 18. Rc3 f6 19. e4 Bxe4 20. Nxe4 Rxd4 21. Bf2 Ra4 22. a3 Kf7 23. Nc5 Rf4 24. Bc4+ e6 25. Bxe6+ Ke7 26. g3 1-0

[Event "2nd Hersonissos Open 2018"]
[Site "Hersonissos"]
[Date "2018.06.21"]
[Round "6"]
[White "Umbetov, Kazybek"]
[Black "Kouvidis, Ioannis"]
[Result "1-0"]
[ECO "E94"]
[WhiteElo "2001"]
[BlackElo "1730"]
[Annotator "NA"]
[PlyCount "59"]
[EventDate "2018.06.16"]
[EventType "swiss"]
[EventCountry "GRE"]
[SourceTitle "playchess.com"]
[Source "ChessBase"]
[SourceQuality "1"]
[TimeControl "5400+30"]

1. d4 Nf6 2. c4 g6 3. Nc3 Bg7 4. e4 d6 5. Nf3 O-O 6. Be2 e5 7. O-O exd4 8. Nxd4 Re8 9. f3 Nc6 10. Be3 Nh5 11. Nxc6 bxc6 12. Qd2 Qe7 13. Rfd1 Be6 14. Rac1 c5 15. g4 Be5 16. gxh5 Bxh2+ 17. Kh1 Qh4 18. Bg5 Qg3 19. Bd3 Bh3 20. Nd5 Re5 21. Bf4 Qxf3+ 22. Kxh2 Rxd5 23. cxd5 Qxh5 24. Kg3 Qg4+ 25. Kf2 Qh4+ 26. Bg3 Qf6+ 27. Kg1 Rb8 28. b3 c4 29. Bxc4 Re8 30. Qf2 1-0

[Event "2nd Hersonissos Open 2018"]
[Site "Hersonissos"]
[Date "2018.06.21"]
[Round "6"]
[White "Angermuende, Dirk"]
[Black "Haverkamp, Klaus"]
[Result "1/2-1/2"]
[ECO "B22"]
[WhiteElo "1966"]
[BlackElo "1921"]
[Annotator "NA"]
[PlyCount "35"]
[EventDate "2018.06.16"]
[EventType "swiss"]
[EventCountry "GRE"]
[SourceTitle "playchess.com"]
[Source "ChessBase"]
[SourceQuality "1"]
[TimeControl "5400+30"]

1. e4 c5 2. c3 Nf6 3. e5 Nd5 4. d4 cxd4 5. Qxd4 e6 6. Nf3 Nc6 7. Qe4 f5 8. exf6 Nxf6 9. Qh4 Be7 10. Bd3 O-O 11. Bg5 h6 12. Bxh6 gxh6 13. Qg3+ Kh8 14. Qg6 Qe8 15. Qxh6+ Kg8 16. Qg5+ Kh8 17. Qh6+ Kg8 18. Qg5+ 1/2-1/2

[Event "2nd Hersonissos Open 2018"]
[Site "Hersonissos"]
[Date "2018.06.21"]
[Round "6"]
[White "Stefanov, Evtim"]
[Black "Iminov, Bachtiar"]
[Result "0-1"]
[ECO "B25"]
[WhiteElo "1959"]
[BlackElo "1842"]
[Annotator "NA"]
[PlyCount "118"]
[EventDate "2018.06.16"]
[EventType "swiss"]
[EventCountry "GRE"]
[SourceTitle "playchess.com"]
[Source "ChessBase"]
[SourceQuality "1"]
[TimeControl "5400+30"]

1. e4 c5 2. Nc3 g6 3. g3 Bg7 4. d3 Nc6 5. Bg2 d6 6. f4 Rb8 7. Nf3 b5 8. O-O Bg4 9. h3 Bxf3 10. Qxf3 Nd4 11. Qf2 b4 12. Nd1 Nf6 13. c3 bxc3 14. bxc3 Nb5 15. e5 Nd7 16. a4 Nc7 17. exd6 exd6 18. Re1+ Ne6 19. f5 gxf5 20. Qxf5 Qf6 21. Be4 Qxf5 22. Bxf5 Ne5 23. Kg2 O-O 24. Ba3 Rfe8 25. Nf2 Nxd3 26. Nxd3 Bxc3 27. Rab1 Bxe1 28. Rxb8 Rxb8 29. Nxe1 Nd4 30. Bd3 Rb3 31. Bc1 c4 32. Be4 Ne2 33. Bh6 Rxg3+ 34. Kf2 Rxh3 35. Be3 Nc3 36. Bc2 a6 37. Nf3 Nd5 38. Bd4 Nb4 39. Be4 d5 40. Bf5 Rh5 41. Bc8 Rh1 42. a5 Nc6 43. Bc3 Rc1 44. Bd2 Rc2 45. Ke1 c3 46. Bg5 Nb4 47. Ne5 Rg2 48. Bf4 d4 49. Bf5 Ra2 50. Nd3 Nxd3+ 51. Bxd3 Rxa5 52. Kd1 Ra2 53. Kc1 h5 54. Bg5 a5 55. Bf6 Rd2 56. Bc2 h4 57. Bxh4 d3 58. Bd1 Rh2 59. Kb1 c2+ 0-1

[Event "2nd Hersonissos Open 2018"]
[Site "Hersonissos"]
[Date "2018.06.21"]
[Round "6"]
[White "Bit-Narva, David"]
[Black "Risting, Eivind Olav"]
[Result "1-0"]
[ECO "B10"]
[WhiteElo "1926"]
[BlackElo "2301"]
[Annotator "NA"]
[PlyCount "51"]
[EventDate "2018.06.16"]
[EventType "swiss"]
[EventCountry "GRE"]
[SourceTitle "playchess.com"]
[Source "ChessBase"]
[SourceQuality "1"]
[TimeControl "5400+30"]

1. e4 c6 2. d3 d5 3. Nd2 e5 4. Ngf3 Bd6 5. d4 exd4 6. exd5 cxd5 7. Nxd4 Nc6 8. Nxc6 bxc6 9. Bd3 Nf6 10. O-O O-O 11. c4 d4 12. Qf3 Bg4 13. Qxc6 Rc8 14. Qb5 Rc5 15. Qb7 Rc7 16. Qb5 Qe7 17. Nb3 h6 18. Bd2 Bd7 19. Qa5 Ng4 20. f4 Qh4 21. h3 Ne3 22. Be1 Qd8 23. Rf2 Nxc4 24. Qd5 Be6 25. Qe4 Ne3 26. Qh7# 1-0

[Event "2nd Hersonissos Open 2018"]
[Site "Hersonissos"]
[Date "2018.06.21"]
[Round "6"]
[White "Maris, Ioannis"]
[Black "Fragiadakis, Emanouel"]
[Result "1-0"]
[ECO "C54"]
[WhiteElo "1915"]
[BlackElo "1813"]
[Annotator "NA"]
[PlyCount "55"]
[EventDate "2018.06.16"]
[EventType "swiss"]
[EventCountry "GRE"]
[SourceTitle "playchess.com"]
[Source "ChessBase"]
[SourceQuality "1"]
[TimeControl "5400+30"]

1. e4 e5 2. Nf3 Nc6 3. Bc4 Bc5 4. c3 Nf6 5. d3 a6 6. b4 Ba7 7. O-O O-O 8. Bg5 h6 9. Bh4 d6 10. h3 Be6 11. Na3 Qe7 12. Qc1 Bxc4 13. Nxc4 Qe6 14. Ne3 Ne7 15. Qd2 Nh5 16. Bxe7 Qxe7 17. Nf5 Qe6 18. Kh2 d5 19. g3 dxe4 20. dxe4 Rad8 21. Qe2 Rd7 22. Nxe5 Qxe5 23. Qxh5 Qxc3 24. Qg4 Rd2 25. Nxh6+ Kh7 26. Nf5 Bxf2 27. Qh5+ Kg8 28. Ne7# 1-0

[Event "2nd Hersonissos Open 2018"]
[Site "Hersonissos"]
[Date "2018.06.21"]
[Round "6"]
[White "Bras, Emanouel"]
[Black "Koutsourakis, Ioannis"]
[Result "1/2-1/2"]
[ECO "D02"]
[WhiteElo "1859"]
[BlackElo "1560"]
[Annotator "NA"]
[PlyCount "83"]
[EventDate "2018.06.16"]
[EventType "swiss"]
[EventCountry "GRE"]
[SourceTitle "playchess.com"]
[Source "ChessBase"]
[SourceQuality "1"]
[TimeControl "5400+30"]

1. d4 d5 2. Nf3 Nf6 3. Bf4 c5 4. e3 e6 5. Be2 Nc6 6. O-O Bd6 7. Bg3 O-O 8. Nc3 a6 9. Ne5 Ne7 10. Ng4 Nxg4 11. Bxg4 b5 12. Ne2 Bb7 13. c3 Ng6 14. Bh5 Ne7 15. Bf3 Qb6 16. Bxd6 Qxd6 17. g3 c4 18. h4 f5 19. Bg2 Rf6 20. Nf4 Nc6 21. Qd2 a5 22. a3 Rb8 23. Rfb1 Rff8 24. Qd1 a4 25. Qh5 Rf6 26. Re1 Ne7 27. Qd1 Ng6 28. Nh3 Bc6 29. Ng5 Be8 30. Nf3 Ne7 31. Ne5 Nc6 32. f4 h5 33. Kf2 g6 34. Bf3 Kg7 35. Rg1 Kf8 36. Qe2 Rb7 37. Rg2 Rh7 38. Rag1 Ke7 39. Ra1 Nd8 40. Rgg1 Rh8 41. Bg2 Nb7 42. Bf3 1/2-1/2

[Event "2nd Hersonissos Open 2018"]
[Site "Hersonissos"]
[Date "2018.06.21"]
[Round "6"]
[White "Warnk, Torsten"]
[Black "Mateev, Kaloyan Mateev"]
[Result "0-1"]
[ECO "A41"]
[WhiteElo "1853"]
[BlackElo "1539"]
[Annotator "NA"]
[PlyCount "154"]
[EventDate "2018.06.16"]
[EventType "swiss"]
[EventCountry "GRE"]
[SourceTitle "playchess.com"]
[Source "ChessBase"]
[SourceQuality "1"]
[TimeControl "5400+30"]

1. d4 d6 2. Nf3 Nf6 3. c4 Bf5 4. Nc3 Nbd7 5. Bg5 c5 6. d5 h6 7. Bh4 g5 8. Bg3 Bg7 9. e3 Ne4 10. Nxe4 Bxe4 11. Nd2 Bg6 12. e4 Bxb2 13. Rb1 Bc3 14. Bd3 Qa5 15. Qc2 Rb8 16. Ke2 Bxd2 17. Qxd2 Qxd2+ 18. Kxd2 O-O 19. h4 Kg7 20. f4 gxf4 21. Bxf4 f5 22. exf5 Bxf5 23. Rhe1 Ne5 24. Bxe5+ dxe5 25. Rxe5 e6 26. dxe6 Bxd3 27. Kxd3 Kf6 28. Re2 Ke7 29. Rbe1 Rbd8+ 30. Kc3 Rd4 31. g3 Rg8 32. Re3 Rgg4 33. Rf1 Rxc4+ 34. Kb2 Rg7 35. Rd1 Rd4 36. Rf1 Rd6 37. Rf5 b6 38. Ra3 Kxe6 39. Rh5 Rd2+ 40. Kc1 Rg2 41. Rxh6+ Kf5 42. Rd6 R2xg3 43. Ra4 R3g4 44. Rd5+ Ke6 45. Rxg4 Rxg4 46. Rh5 Kf6 47. Kc2 Rg7 48. Kc3 Kg6 49. Rd5 Rh7 50. Kb3 Rxh4 51. Rd7 Rh7 52. Rd2 Kf5 53. a3 Re7 54. Kc4 a6 55. Rd6 Re6 56. Rd7 Re4+ 57. Kb3 b5 58. Rd5+ Re5 59. Rd6 a5 60. Rh6 a4+ 61. Kb2 Ke4 62. Kc3 Rf5 63. Rb6 Rf3+ 64. Kc2 Rb3 65. Rb8 Kd4 66. Rh8 Rxa3 67. Rh4+ Kd5 68. Rh5+ Kc6 69. Rh6+ Kb7 70. Rh5 Kb6 71. Rh6+ Ka5 72. Rh5 c4 73. Rg5 Rb3 74. Rh5 a3 75. Rg5 a2 76. Rg8 Kb4 77. Ra8 Ra3 0-1